 Dungeon Crawl Stone Soup version 0.28-a0-1213-g0243856f03 (webtiles) character file.

Game seed: 12284878524640208953

3 swappor the Chopper (level 1, 0/19 HPs)
             Began as a Minotaur Berserker on Dec 22, 2021.
             Was a Follower of Trog.
             Slain by a ball python (1 damage)
             ... on level 2 of the Dungeon.
             The game lasted 00:03:37 (376 turns).

swappor the Chopper (Minotaur Berserker)             Turns: 376, Time: 00:03:38

Health: 0/19       AC:  2    Str: 21    XL:     1   Next: 41%
Magic:  0/0        EV:  9    Int:  4    God:    Trog [*.....]
Gold:   35         SH:  0    Dex:  9    Spells: 0/0 levels left

rFire   . . .      SeeInvis .   a - +0 hand axe
rCold   . . .      Faith    .   (no shield)
rNeg    . . .      Spirit   .   b - +0 animal skin
rPois   .          Reflect  .   (helmet restricted)
rElec   .          Harm     .   (no cloak)
rCorr   .          Rampage  .   (no gloves)
Will    .....                   (no boots)
Stlth   +.........              (no amulet)
HPRegen 0.06/turn               (no ring)
MPRegen 0.07/turn               (no ring)

@: constricted
A: horns 2, retaliatory headbutt
a: Renounce Religion, Berserk


You were on level 2 of the Dungeon.
You worshipped Trog.
Trog was aware of your devotion.
You visited 1 branch of the dungeon, and saw 2 of its levels.

You collected 35 gold pieces.


Innate Abilities, Weirdness & Mutations

You have a pair of horns on your head.
You reflexively headbutt those who attack you in melee.


   Skills:
 - Level 3.6 Fighting
 + Level 3.9 Axes
 - Level 2.4 Armour
 - Level 2.1 Dodging


You couldn't memorise any spells.
You didn't know any spells.
Your spell library was empty.

Inventory:

Hand Weapons
 a - a +0 hand axe (weapon)
 c - a +0 short sword of flaming
   (You found it on level 1 of the Dungeon)
Armour
 b - a +0 animal skin (worn)

Dungeon Overview and Level Annotations

Branches:
Dungeon (1/15)

Altars:

Annotations:
D:2 Robin

#.##.# ..#.###
#.#...# #...#.#
#..... #####...#
#.....[g#########
#.......@S.g.g..#
#...g#.g#######g#
#....#.>g.g.#
#.###
#.g..######.#
#...# ##.###
#.#####g# #g
#..gg...# #.
######### #. #g


You could see Robin, a hobgoblin, 4 goblins and a ball python.


Message History

A kobold comes into view. It is wielding a +0 dagger.
The kobold shouts! 😎 HP[+1]
Your hp is fully restored (19).
A kobold is nearby!
A kobold is nearby!
You barely miss the kobold. The kobold hits you with a +0 dagger.
The kobold barely misses you. 😕 HP[-1]
You take 1 damage, and now have 18/19 hp.
You closely miss the kobold.
The kobold hits you with a +0 dagger. 😕 HP[-3]
You take 3 damage, and now have 15/19 hp.
You closely miss the kobold. The kobold hits you but does no damage.
You hit the kobold.
You kill the kobold!
Trog accepts your kill. 😕 HP[+1]
Things that are here:
a +0 dagger; a kobold corpse
Found a stone staircase leading down. 😎 HP[+3]
Your hp is fully restored (19).
Found a runed short sword.
You see here a +0 short sword of flaming.
You now have 25 gold pieces (gained 16).
You now have 35 gold pieces (gained 10).
You see here a +0 short sword of flaming.
c - a +0 short sword of flaming An endoplasm comes into view.
The endoplasm quivers.
The endoplasm moves out of view.
A sourceless malevolence fills the Dungeon...
You fall into a shaft and drop 1 floor!
The shaft crumbles and collapses.
A ball python and a goblin come into view.
The ball python hisses angrily.
The goblin shouts!
You hear a shout! x2 2 goblins, a hobgoblin and Robin come into view.
Robin shouts!
The hobgoblin shouts!
The goblin shouts!
You hear a shout!
Robin throws the goblin at you! The goblin hits you with a +0 dagger.
The goblin shouts! 😕 HP[-1]
You take 1 damage, and now have 18/19 hp. 😎 HP[+1]
Your hp is fully restored (19).
The goblin misses you.
Found a stone staircase leading down.
The ball python bites you. The ball python grabs you.
The ball python constricts you. 😕 HP[-3]
You take 3 damage, and now have 16/19 hp.
You escape the ball python's grasp.
There is a stone staircase leading down here.
The ball python misses you. The ball python grabs you.
The ball python constricts you.
The ball python's grasp on you weakens, but your attempt to escape fails.
The ball python bites you.
The ball python constricts you. 😕 HP[-1]
You take 1 damage, and now have 15/19 hp.
You escape the ball python's grasp.
A ball python comes into view.
The ball python hisses angrily.
The ball python bites you. The ball python barely misses you.
The ball python closely misses you. The ball python barely misses you.
You slash the ball python!
You kill the ball python!
Trog accepts your kill.
You hit the ball python but do no damage.
The ball python barely misses you. The ball python closely misses you.
The ball python barely misses you. You furiously retaliate!
You headbutt the ball python, but do no damage.
The ball python grabs you.
The ball python constricts you. 😮 HP[-1]
You take 1 damage, and now have 14/19 hp.
You escape the ball python's grasp.
A hobgoblin comes into view.
The hobgoblin shouts!
You hear a shout!
A goblin comes into view. It is wielding a +0 dagger.
The goblin shouts!
Robin throws the goblin at you! The goblin hits you with a +0 dagger.
The ball python bites you. The ball python grabs you.
The ball python constricts you. The hobgoblin hits you.
* * * LOW HITPOINT WARNING * * *
😨 HP[-7]
You take 7 damage, and now have 7/19 hp.
MASSIVE DAMAGE!! (PAUSE)
You hit the ball python but do no damage.
You closely miss the goblin. You hit the hobgoblin.
You kill the hobgoblin!
Trog accepts your kill.
You closely miss the goblin.
Robin roars a battlecry!
The goblins go into a battle-frenzy!
The goblin hits you with a +0 dagger.
* * * LOW HITPOINT WARNING * * *
The ball python bites you.
You die...

Action                   || total
-------------------------++-------
Melee: Hand axe          ||     9
 Stab: Sleeping          ||     1
Armor: Animal skin       ||     2
Dodge: Dodged            ||    10

Levels and vault maps discovered:
D:1:      elethiomel_arrival_maze, layout_loops_ring,
          hellmonk_ecumenical_altar_lost_god, grunt_decor_one_mirror,
          minmay_misc_feat_cross, serial_park_tiny_pond, minmay_pentomino_t2
D:2:      layout_basic, uniq_robin

Notes
Turn   | Place    | Note
-------+----------+-------------------------------------------
     0 | D:1      | swappor the Minotaur Berserker began the quest for the Orb.
     0 | D:1      | Reached XP level 1. HP: 19/19 MP: 0/0
     0 | D:1      | magus.rc [v1.11.2]
   346 | D:1      | You fall into a shaft and drop 1 floor!
   347 | D:2      | Noticed Robin
   376 | D:2      | HP: 1/19 [goblin[Robin] (6)]
   376 | D:2      | Slain by a ball python

Vanquished Creatures
  An endoplasm (D:1)
  A hobgoblin (D:2)
  A ball python (D:2)
  A frilled lizard (D:1)
  A kobold (D:1)
5 creatures vanquished.

Table legend:
 A = Non-vault XP
 B = Vault XP
 C = Vault XP percentage of total XP
 D = Non-vault monster count
 E = Vault monster count
 F = Vault count percentage of total count
                 A         B        C        D         E       F
            +---------+---------+-------+---------+---------+-------
      Total |       5 |       2 |  28.6 |       4 |       1 |  20.0
            +---------+---------+-------+---------+---------+-------
        D:1 |       4 |       0 |   0.0 |       3 |       0 |   0.0
        D:2 |       1 |       2 |  66.7 |       1 |       1 |  50.0
            +---------+---------+-------+---------+---------+-------

Illustrated notes

Table legend:
 A = Kills in this place as a percentage of kills in entire the game.
 B = Kills by you in this place as a percentage of kills by you in the entire game.
 C = Kills by friends in this place as a percentage of kills by friends in the entire game.
 D = Other kills in this place as a percentage of other kills in the entire game.
 E = Experience gained in this place as a percentage of experience gained in the entire game.
 F = Experience gained in this place divided by the number of levels of this place that you have seen.
                   A       B       C       D       E      F
               +-------+-------+-------+-------+-------+----------------------
         Total | 100.0 | 100.0 |   N/A |   N/A | 100.0 |   3.5
       Dungeon | 100.0 | 100.0 |   N/A |   N/A | 100.0 |   3.5
               +-------+-------+-------+-------+-------+----------------------

Table legend: (Time is in decaauts)
 A = Elapsed time spent in this place.
 B = Non-inter-level travel time spent in this place.
 C = Inter-level travel time spent in this place.
 D = Time resting spent in this place.
 E = Time spent auto-exploring this place.
 F = Levels seen in this place.
 G = Mean time per level.
                   A        B        C        D        E       F      G
               +--------+--------+--------+--------+--------+-----+--------+
         Total |    377 |    377 |      0 |      0 |    225 |   2 |  188.5 |
       Dungeon |    377 |    377 |      0 |      0 |    225 |   2 |  188.5 |
               +--------+--------+--------+--------+--------+-----+--------+

Top non-repeatable levels by time:
     D:1: 347 daAuts
     D:2: 29 daAuts
